 Dungeon Crawl Stone Soup version 0.24.0-35-gdb84b6a5db (webtiles) character file.

Game seed: 5381595038828855171, levelgen mode: deterministic

877 H0rd4k the Thaumaturge (level 7, -5/37 HPs)
             Began as a Deep Elf Wizard on Nov 18, 2019.
             Slain by a killer bee (10 damage)
             ... on level 5 of the Dungeon.
             The game lasted 00:10:36 (5020 turns).

H0rd4k the Thaumaturge (Deep Elf Wizard)            Turns: 5020, Time: 00:10:37

Health: -5/37      AC:  3    Str:  4    XL:     7   Next: 75%
Magic:  10/21      EV: 13    Int: 25    God:
Gold:   236        SH:  0    Dex: 13    Spells: 15/24 levels left

rFire    + . .     SeeInvis .   (no weapon)
rCold    . . .     Gourm    .   (no shield)
rNeg     . . .     Faith    .   a - +0 robe
rPois    .         Spirit   .   b - +1 hat
rElec    .         Reflect  .   (no cloak)
rCorr    .         Harm     .   (no gloves)
MR       .....                  (no boots)
Stlth    ++........             (no amulet)
HPRegen  0.12/turn              g - ring of fire
MPRegen  0.17/turn              m - ring of protection from cold

@: lethally poisoned (-5 -> -19)
A: no striking features
a: no special abilities


You were on level 5 of the Dungeon.
You were not hungry.

You visited 1 branch of the dungeon, and saw 5 of its levels.

You collected 236 gold pieces.

Inventory:

Armour
 a - a +0 robe (worn)
 b - a +1 hat (worn)
 k - a +0 leather armour of cold resistance
 s - a cursed +0 leather armour
Jewellery
 g - a ring of fire (left hand)
 m - a ring of protection from cold (right hand)
 r - an uncursed ring of resist corrosion {unknown}
Wands
 n - a wand of acid (13)
Scrolls
 e - 4 scrolls of identify
 j - 2 scrolls of remove curse
 o - a scroll of teleportation
 p - a scroll of enchant armour
 q - a scroll of fear
Potions
 c - 2 potions of brilliance
 f - a potion of ambrosia {unknown}
 h - a potion of heal wounds {unknown}
 i - a potion of haste {unknown}
 l - 2 potions of agility {unknown}
Comestibles
 d - 5 rations


   Skills:
 + Level 0.8 Fighting
 + Level 3.5 Dodging
 + Level 4.0 Stealth
 + Level 9.0 Spellcasting
 + Level 5.5 Conjurations
   Level 1.1 Summonings
 + Level 1.2 Translocations
 + Level 1.3 Fire Magic
 + Level 0.1 Air Magic
 + Level 0.3 Poison Magic


You had 15 spell levels left.
You knew the following spells:

 Your Spells              Type           Power        Failure   Level  Hunger
a - Magic Dart            Conj           ####         1%          1    None
b - Blink                 Tloc           N/A          4%          2    None
c - Conjure Flame         Conj/Fire      #####...     4%          3    None
d - Mephitic Cloud        Conj/Pois/Air  ###.....     7%          3    None

Your spell library contained the following spells:

 Spells                   Type           Power        Failure   Level  Hunger
 Call Imp                 Summ           ###.....     5%          2    None
 Slow                     Hex            ##......     9%          2    None


Dungeon Overview and Level Annotations

Branches:
Dungeon (5/15)             Temple (0/1) D:4

Altars:
Ashenzari
Fedhas

Annotations:
D:4 exclusion: 2 downstairs


Message History

The magic dart hits the killer bee.
The killer bee is moderately wounded.
You feel sick. The killer bee stings you! The killer bee stings you.
* * * LOW HITPOINT WARNING * * *
You are lethally poisoned!
The killer bee poisons you!
Casting: Magic Dart (safe; 1% risk of failure)
Confirm with . or Enter, or press ? or * to list all spells.
Aiming: Magic Dart (safe; 1% risk of failure)
Press: ? - help, Shift-Dir - straight line, f/p - killer bee
Aim: a killer bee (moderately wounded)
The magic dart hits the killer bee.
The killer bee is heavily wounded.
* * * LOW HITPOINT WARNING * * *
You feel sick. The killer bee misses you. The killer bee stings you.
* * * LOW HITPOINT WARNING * * *
The killer bee barely misses you.
* * * LOW HITPOINT WARNING * * *
You feel sick. The killer bee barely misses you. The killer bee stings you!
You die...

#. .# #.#.# #.#.
#... #..# #..#
##..#######
#....†.....
#.@.####### #yy.#
#######...## #..#
...........# #..#
##....######..#
#.(...........
#)#..######..# .
#(...######..###...
#........y.y.......


You could see 2 killer bees.

Vanquished Creatures
  2 ogres (D:4)
  2 centaurs
  A scorpion (D:4)
  3 killer bees
  2 hounds
  2 orc priests (D:4)
  3 orc wizards (D:4)
  A worker ant (D:4)
  7 adders
  An adder zombie (D:4)
  4 worms (D:2)
  A dart slug (D:3)
  2 leopard geckos
  8 orcs
  A ball python (D:3)
  5 bats (D:1)
  4 giant cockroaches
  9 goblins
  8 hobgoblins
  5 jackals (D:1)
  6 kobolds
  4 quokkas
  3 frilled lizards
  A quokka skeleton (D:4)
  5 rats
90 creatures vanquished.

Notes
Turn   | Place    | Note
-------+----------+-------------------------------------------
     0 | D:1      | H0rd4k the Deep Elf Wizard began the quest for the Orb.
     0 | D:1      | Reached XP level 1. HP: 10/10 MP: 7/7
   304 | D:1      | Reached XP level 2. HP: 15/15 MP: 7/9
   353 | D:1      | Reached skill level 5 in Spellcasting
   814 | D:2      | Reached XP level 3. HP: 19/19 MP: 7/12
  1360 | D:2      | Reached XP level 4. HP: 19/24 MP: 7/13
  1453 | D:2      | Reached skill level 6 in Spellcasting
  1587 | D:2      | Found a shattered altar of Ashenzari.
  1591 | D:2      | Found a blossoming altar of Fedhas.
  2333 | D:3      | Noticed a centaur
  2343 | D:3      | HP: 1/24 [centaur/arrow (1)]
  2632 | D:4      | Learned a level 3 spell: Conjure Flame
  2635 | D:4      | Learned a level 2 spell: Blink
  2639 | D:4      | Learned a level 3 spell: Mephitic Cloud
  2646 | D:4      | Noticed an ogre
  2655 | D:4      | Killed an ogre
  2655 | D:4      | Reached XP level 5. HP: 28/28 MP: 5/16
  2657 | D:4      | Noticed an ogre
  2739 | D:4      | Reached skill level 7 in Spellcasting
  2763 | D:4      | Reached XP level 6. HP: 4/33 MP: 4/18
  3116 | D:4      | Found a staircase to the Ecumenical Temple.
  3307 | D:4      | Reached skill level 1 in Fire Magic
  3494 | D:5      | Entered Level 5 of the Dungeon
  3498 | D:5      | Reached skill level 8 in Spellcasting
  3783 | D:4      | Reached XP level 7. HP: 23/37 MP: 15/20
  4109 | D:3      | Reached skill level 5 in Conjurations
  5006 | D:5      | Reached skill level 9 in Spellcasting
  5020 | D:5      | Slain by a killer bee

Levels and vault maps discovered:
D:1:      onia_arrival_pyramid, layout_basic, minmay_curled_crystal
D:2:      layout_loops_ring, grunt_temple_overflow_open, st_stairs_3
D:3:      layout_basic
D:4:      layout_basic, temple_hall
D:5:      layout_loops_ring, first_ration, abandoned_shop, uniq_eustachio

Skill      XL: |  1  2  3  4  5  6  7 |
---------------+----------------------+-----
Spellcasting   | 5 6 7 8 9 |  9.0
Dodging        | 3 |  3.5
Stealth        | 3 4 |  4.0
Conjurations   | 2 3 4 5 |  5.5
Fire Magic     | 1 |  1.3
Fighting       | |  0.8
Summonings     | |  1.1
Translocations | |  1.2
Air Magic      | |  0.1
Poison Magic   | |  0.3

Action                   |  1- 3 |  4- 6 |  7- 9 || total
-------------------------+-------+-------+-------++-------
 Cast: Magic Dart        |   110 |   144 |    58 ||   312
       Mephitic Cloud    |       |     2 |     2 ||     4
       Conjure Flame     |       |     4 |     3 ||     7
       Blink             |       |       |     5 ||     5
  Use: Scroll            |       |     8 |       ||     8
  Eat: Chunk             |     1 |     7 |     4 ||    12
Armor: Robe              |     8 |     3 |     2 ||    13
Dodge: Dodged            |    14 |    18 |    24 ||    56
